 Dungeon Crawl Stone Soup version 0.30-a0-913-g9934a0ce24 (webtiles) character file.

Game seed: 12481856637222889822

61 quinnr the Sneak (level 4, -5/36 HPs)
             Began as a Naga Air Elementalist on Feb 26, 2023.
             Slain by an ice beast (9 damage)
             ... on level 3 of the Dungeon on Mar 19, 2023.
             The game lasted 00:08:33 (2432 turns).

quinnr the Sneak (Naga Air Elementalist)            Turns: 2432, Time: 00:08:33

Health: -5/36      AC:  2    Str: 10    XL:     4   Next: 7%
Magic:  1/7        EV: 15    Int: 17    God:
Gold:   139        SH:  0    Dex: 12    Spells: 5/8 levels left

rFire   . . .      SeeInvis +    g - +2 dagger (vamp)
rCold   . . .      Faith    .    (no shield)
rNeg    . . .      Spirit   .    a - +0 robe
rPois   +          Reflect  .    (no helmet)
rElec   .          Rampage  .    (no cloak)
rCorr   .                        (no gloves)
Will    .....                    (no barding)
Stlth   +++                      e - amulet of regeneration
HPRegen 1.06/turn                E - +5 ring of evasion
MPRegen 0.10/turn                (no ring)

@: very slightly contaminated, very slow
A: AC +1, large, see invisible, deformed body, poison resistance, slowness 2,
spit poison 1, naga tail 1
a: Spit Poison


You were on level 3 of the Dungeon.
You visited 1 branch of the dungeon, and saw 3 of its levels.

You collected 139 gold pieces.


Innate Abilities, Weirdness & Mutations

Your serpentine skin is tough. (AC +1)
You have supernaturally acute eyesight. (SInv)
Armour fits poorly on your strangely shaped body.
Your system is resistant to poisons. (rPois)
You cover ground very slowly.
You can spit poison.
You have a snake-like lower body.


   Skills:
 - Level 1.5 Dodging
 + Level 4.6 Stealth
 + Level 2.5 Spellcasting
 - Level 1.0 Conjurations
 + Level 3.7 Air Magic


You had 5 spell levels left.
You knew the following spells:

 Your Spells              Type           Power      Damage    Failure   Level
t - Static Discharge      Conj/Air       20%        2-3/arc   11%         2
z - Shock                 Conj/Air       40%        1d5       7%          1

Your spell library contained the following spells:

 Spells                   Type           Power      Damage    Failure   Level
 Swiftness                Air            14%        N/A       12%         3
 Airstrike                Air            7%         2d(1-17)  36%         4

Inventory:

Hand Weapons
 g - a +2 vampiric dagger (weapon)
Armour
 a - a +0 robe (worn)
Jewellery
 e - an amulet of regeneration (around neck)
 E - a +5 ring of evasion (left hand)
Wands
 j - a wand of flame (15)
Scrolls
 b - 2 scrolls of immolation {unknown}
 c - a scroll of identify {unknown}
 d - 2 scrolls of enchant armour {unknown}
 f - 2 scrolls of noise {unknown}
 h - a scroll of teleportation {unknown}
 l - a scroll of blinking {unknown}
Potions
 i - 2 potions of might {unknown}
 k - a potion of heal wounds {@q2}
 m - a potion of brilliance {unknown}

Dungeon Overview and Level Annotations

Branches:
Dungeon (3/15)

Altars:

Annotations:
D:2 Terence

##........###.
#...##>###.###. #####
#..####.#.......
###.......# #.#.##....
.......########.........
....... ...............
....... ######......###
...[..Y#####......######
#### ##@.....##..## #.
...###...###......# ##.
######..##.#####.####.#
#.. #....##..........#
##.# #.#
####.........##########..#
#.# ........##.#.#
#...#####.#
####....#..#.###
#.#.#.....#
#####......##...####
#.#...#####
..##......#####....#
##...###


You could see an ice beast.


Message History

The ice beast hits you. The ice beast freezes you!
* * * LOW HITPOINT WARNING * * *
Unknown command.
Casting: Shock (safe; 7% risk of failure)
Confirm with . or Enter, or press ? or * to list all spells.
Okay, then.
It was a potion of heal wounds.
You feel much better. The ice beast completely misses you.
Casting: Shock (safe; 7% risk of failure)
Confirm with . or Enter, or press ? or * to list all spells.
The ice beast is struck by an arc of lightning.
The ice beast is moderately wounded.
You are struck by an arc of lightning.
The lightning grounds out.
The ice beast hits you. The ice beast freezes you!
Unknown command.
Casting: Static Discharge (safe; 11% risk of failure)
Confirm with . or Enter, or press ? or * to list all spells.
You miscast Static Discharge.
You are very lightly contaminated with residual magic.
Nothing appears to happen.
The ice beast hits you.
* * * LOW HITPOINT WARNING * * *
The ice beast freezes you!
* * * LOW HITPOINT WARNING * * *
Unknown command.
You hit the ice beast but do no damage.
The ice beast is moderately wounded.
The ice beast hits you.
* * * LOW HITPOINT WARNING * * *
The ice beast freezes you!
You die...

Skill      XL: |  1  2 |
---------------+-------+-----
Stealth        | 4 |  4.6
Dodging        | |  1.5
Spellcasting   | |  2.5
Conjurations   | |  1.0
Air Magic      | |  3.7

Action                     |  1- 3 |  4- 6 || total
---------------------------+-------+-------++-------
  Melee: Unarmed           |    29 |       ||    29
         Dagger            |    22 |     1 ||    23
   Cast: Shock             |    82 |    11 ||    93
         Static Discharge  |     1 |     1 ||     2
Ability: Spit Poison       |     1 |       ||     1
    Use: Potion            |     2 |     1 ||     3
         Scroll            |     1 |       ||     1
 Armour: Robe              |    11 |       ||    11
  Dodge: Dodged            |    69 |     1 ||    70

Levels and vault maps discovered:
D:1:      pf_arrival_petrified_forest, layout_basic,
          nicolae_ecumenical_lake_church, minmay_octomino_e4
D:2:      layout_basic, uniq_terence, uniq_robin
D:3:      layout_rooms, serial_shops, shop, minmay_divided_ellipse

Notes
Turn   | Place    | Note
-------+----------+-------------------------------------------
     0 | D:1      | quinnr the Naga Air Elementalist began the quest for the
                  | Orb.
     0 | D:1      | Reached XP level 1. HP: 15/15 MP: 3/3
     0 | D:1      | Upgraded the game from 0.30-a0-808-g6e0788376e to
                  | 0.30-a0-913-g9934a0ce24
    95 | D:1      | Found a faded altar of an unknown god.
   236 | D:1      | HP: 1/15 [frilled lizard (3)]
   238 | D:1      | Reached XP level 2. HP: 2/22 MP: 1/5
  1019 | D:1      | Reached skill level 4 in Stealth
  1110 | D:1      | Reached XP level 3. HP: 28/28 MP: 0/6
  1340 | D:2      | Learned a level 2 spell: Static Discharge
  1528 | D:2      | Noticed Terence
  2099 | D:3      | Reached XP level 4. HP: 36/36 MP: 3/7
  2426 | D:3      | Noticed an ice beast
  2432 | D:3      | Slain by an ice beast

Vanquished Creatures
  An adder (D:3)
  A worm (D:3)
  An orc (D:2)
  4 ball pythons
  4 bats
  5 endoplasms
  2 giant cockroaches (D:1)
  2 hobgoblins
  6 jackals
  5 kobolds
  2 quokkas
  A frilled lizard (D:1)
  9 rats
43 creatures vanquished.

Table legend: (Time is in decaauts)
 A = Elapsed time spent in this place.
 B = Non-inter-level travel time spent in this place.
 C = Inter-level travel time spent in this place.
 D = Time resting spent in this place.
 E = Time spent auto-exploring this place.
 F = Levels seen in this place.
 G = Mean time per level.
                   A        B        C        D        E       F      G
               +--------+--------+--------+--------+--------+-----+--------+
         Total |   2916 |   2843 |     73 |    321 |   2153 |   3 |  972.0 |
       Dungeon |   2916 |   2843 |     73 |    321 |   2153 |   3 |  972.0 |
               +--------+--------+--------+--------+--------+-----+--------+

Top non-repeatable levels by time:
     D:1: 1549 daAuts
     D:3: 813 daAuts
     D:2: 553 daAuts

Table legend:
 A = Non-vault XP
 B = Vault XP
 C = Vault XP percentage of total XP
 D = Non-vault monster count
 E = Vault monster count
 F = Vault count percentage of total count
                 A         B        C        D         E       F
            +---------+---------+-------+---------+---------+-------
      Total |      83 |       5 |   5.7 |      40 |       3 |   7.0
            +---------+---------+-------+---------+---------+-------
        D:1 |      29 |       5 |  14.7 |      17 |       3 |  15.0
        D:2 |      20 |       0 |   0.0 |      11 |       0 |   0.0
        D:3 |      34 |       0 |   0.0 |      12 |       0 |   0.0
            +---------+---------+-------+---------+---------+-------
